 Dungeon Crawl Stone Soup version 0.29.0-10-g45618ea6d2 (webtiles) character file.

Game seed: 12119946420547646987

475 nickcage the Firebug (level 6, 0/45 HPs)
             Began as a Draconian Fire Elementalist on Sept 1, 2022.
             Succumbed to an orc's poison
             ... on level 4 of the Dungeon.
             The game lasted 00:08:09 (3036 turns).

nickcage the Firebug (Draconian Fire Elementalist)  Turns: 3036, Time: 00:08:10

Health: 0/45       AC:  6    Str: 11    XL:     6   Next: 84%
Magic:  0/9        EV: 12    Int: 17    God:
Gold:   217        SH:  0    Dex: 11    Spells: 6/9 levels left

rFire   . . .      SeeInvis .   r - +1 dagger (elec)
rCold   . . .      Faith    .   (no shield)
rNeg    . . .      Spirit   .   (body armour unavailable)
rPois   .          Reflect  .   (helmet restricted)
rElec   .          Harm     .   (no cloak)
rCorr   .          Rampage  .   (no gloves)
Will    .....                   (no boots)
Stlth   ++........              (no amulet)
HPRegen 0.15/turn               (no ring)
MPRegen 0.11/turn               (no ring)

@: lethally poisoned (0 -> -4), studying Fighting
A: AC +6, unfitting armour, cold-blooded
a: no special abilities


You were on level 4 of the Dungeon.
You visited 1 branch of the dungeon, and saw 4 of its levels.

You collected 217 gold pieces.

Inventory:

Hand Weapons
 j - a +0 dagger
 r - a +1 dagger of electrocution (weapon)
Missiles
 t - a throwing net
Armour
 u - a +0 buckler
Wands
 s - a wand of iceblast (12)
Scrolls
 b - a scroll of silence {unknown}
 c - 2 scrolls of vulnerability {unknown}
 e - a scroll of brand weapon {unknown}
 g - a scroll of magic mapping {unknown}
 h - 2 scrolls of enchant armour {unknown}
 k - 2 scrolls of blinking {unknown}
 l - a scroll of acquirement {unknown}
 m - 2 scrolls of identify {unknown}
 o - 2 scrolls of teleportation {unknown}
Potions
 a - a potion of magic
 d - a potion of heal wounds {unknown}
 f - 2 potions of curing {unknown}
 i - 2 potions of berserk rage {unknown}
 n - 3 potions of degeneration {unknown}
 p - 2 potions of invisibility {unknown}
 q - a potion of attraction {unknown}
 v - a potion of ambrosia {unknown}


   Skills:
 + Level 0.8 Short Blades
 - Level 2.0 Dodging
 - Level 1.7 Stealth
 - Level 2.0 Spellcasting
 + Level 3.1 Conjurations
 + Level 6.9 Fire Magic


You had 6 spell levels left.
You knew the following spells:

 Your Spells              Type           Power      Damage    Failure   Level
a - Foxfire               Conj/Fire      72%        2x1d7     2%          1
b - Scorch                Fire           50%        2d7       1%          2

Your spell library contained the following spells:

 Spells                   Type           Power      Damage    Failure   Level
 Conjure Flame            Conj/Fire      18%        6-21      8%          3
 Inner Flame              Hex/Fire       13%        N/A       14%         3
 Apportation              Tloc           2%         N/A       19%         1
 Necrotise                Necr           4%         1d4       19%         1
 Summon Small Mammal      Summ           4%         N/A       19%         1
 Flame Wave               Conj/Fire      18%        2d7       24%         4
 Alistair's Intoxication  Tmut/Pois      0%         N/A       99%         5


Dungeon Overview and Level Annotations

Branches:
Dungeon (4/15)
 Temple: D:4-7

Altars:
Fedhas
Kikubaaqudgha


Innate Abilities, Weirdness & Mutations

Your plain brown scales are hard. (AC +6)
You cannot fit into any form of body armour.
You are cold-blooded and may be slowed by cold attacks.


Message History

Pain shoots through your body!
The orc priest mumbles some strange prayers to Beogh against you.
You barely resist. The orc misses you.
You hit the orc priest but do no damage.
The orc priest is severely wounded.
You feel sick.
The orc priest is no longer more vulnerable to fire.
The orc priest barely misses you. The orc priest closely misses you.
The orc hits you with a +1 morningstar of venom.
You are more poisoned.
The orc closely misses you.
You hit the orc priest.
The orc priest is severely wounded.
You feel very sick.
The orc priest closely misses you. x2; The orc barely misses you.
The orc closely misses you.
The orc priest attacks as you move away!
The orc priest hits you but does no damage.
You feel sick.
The orc priest calls upon Beogh to heal the orc priest.
The orc priest is healed somewhat.
The orc attacks as you move away!
The orc hits you with a +1 morningstar of venom.
The orc attacks as you move away! The orc hits you but does no damage.
You feel sick.
The orc priest attacks as you move away!
The orc priest completely misses you.
You feel sick.
The orc priest calls down the wrath of Beogh upon you.
Beogh smites you!
* * * LOW HITPOINT WARNING * * *
Casting: Foxfire (safe; 2% risk of failure)
Press: ? - help, Q - select action, (/) - cycle Dir - look around, f - activate You conjure some foxfire!
* * * LOW HITPOINT WARNING * * *
You feel sick.
The foxfire hits the orc priest.
The orc priest is heavily wounded.
The orc closely misses you. The orc hits you with a +0 dagger.
* * * LOW HITPOINT WARNING * * *
The orc attacks as you move away! The orc barely misses you.
You die...

.......)......!#...#......###.##.
#####.#.#.####.#.8.####...###.##.
#####.#.#......#...#........#.###
.......!###....##.######..#.#.# .
......### #........# ##.#.#.##.
......# #...o....######........
......# #...oo..........#.....)
#....## #...o..................
#....# #...v.@.........###....
###########...............# ###>
..........................# .
.##########...............# .#
#.##...######...+ .# #.##^..#
#.##...###.. .#
#.##...###........... .#
#.................... .###
#####.####.##...####.


You could see 2 orc priests and 2 orcs.

Vanquished Creatures
  Grinder (D:3)
  A necrophage (D:4)
  A jelly (D:4)
  Natasha (thrice) (D:3)
  4 adders
  A gnoll (D:1)
  2 worms
  2 dart slugs (D:1)
  An orc (D:4)
  2 bats (D:2)
  7 endoplasms
  7 goblins
  5 hobgoblins
  2 kobolds
  2 quokkas
  4 ball pythons
  2 frilled lizards
  8 rats
55 creatures vanquished.

Vanquished Creatures (others)
  67 foxfires
  2 fungi (D:3)
  3 plants (D:3)
72 creatures vanquished.

Grand Total: 127 creatures vanquished

Notes
Turn   | Place    | Note
-------+----------+-------------------------------------------
     0 | D:1      | nickcage the Draconian Fire Elementalist began the quest
                  | for the Orb.
     0 | D:1      | Reached XP level 1. HP: 14/14 MP: 3/3
   341 | D:1      | Reached XP level 2. HP: 15/20 MP: 0/5
   432 | D:1      | Learned a level 2 spell: Scorch
   723 | D:1      | Found a faded altar of an unknown god.
   734 | D:1      | Reached XP level 3. HP: 26/26 MP: 3/6
   951 | D:2      | Reached skill level 4 in Fire Magic
  1637 | D:3      | Reached XP level 4. HP: 33/33 MP: 4/7
  1809 | D:3      | Found a blossoming altar of Fedhas.
  1877 | D:3      | Noticed Natasha
  1884 | D:3      | Killed Natasha
  1975 | D:3      | Noticed Natasha
  1984 | D:3      | Killed Natasha
  1985 | D:3      | Reached skill level 5 in Fire Magic
  2045 | D:3      | Noticed Natasha
  2047 | D:3      | Killed Natasha
  2048 | D:3      | Reached XP level 5. HP: 38/38 MP: 3/8
  2106 | D:3      | Noticed Grinder
  2107 | D:3      | Found an ancient bone altar of Kikubaaqudgha.
  2111 | D:3      | Paralysed by Grinder for 2 turns
  2121 | D:3      | Killed Grinder
  2122 | D:3      | Reached skill level 6 in Fire Magic
  2122 | D:3      | Reached XP level 6. HP: 39/45 MP: 0/9
  3034 | D:4      | HP: 2/45 [orc priest/divine providence (9)]
  3036 | D:4      | Succumbed to an orc's poison

Illustrated notes

Levels and vault maps discovered:
D:1:      dpeg_arrival_houses_and_road, layout_rooms,
          ebering_ecumenical_altar_abandoned
D:2:      layout_loops_ring
D:3:      layout_rooms, kiku_gazebo_garden_becter, fedhas_altar_3, uniq_natasha,
          uniq_grinder
D:4:      layout_basic, minmay_temple_entry_antechambers,
          minmay_manual_monstrance

Skill      XL: |  1  2  3  4  5  6 |
---------------+-------------------+-----
Dodging        | 2 |  2.0
Fire Magic     | 4 5 6 |  6.9
Conjurations   | 2 3 |  3.1
Short Blades   | |  0.8
Stealth        | |  1.7
Spellcasting   | |  2.0

Action                   |  1- 3 |  4- 6 || total
-------------------------+-------+-------++-------
Melee: Unarmed           |    10 |       ||    10
       Tailslap          |     4 |     1 ||     5
       Dagger            |    10 |    24 ||    34
       Punch             |       |     1 ||     1
 Cast: Foxfire           |    33 |     6 ||    39
       Scorch            |    10 |    41 ||    51
 Stab: Sleeping          |       |     1 ||     1
Armor: Skin              |     9 |     9 ||    18
Dodge: Dodged            |    29 |    28 ||    57
